AoeStats
← A snickers7606

Fortress

509900270Analyzed
4v4 RM · 4d ago on Sep 28, 2026· 83m 42s· 8 players
Game mode
Random Map
Map size
Huge
Population
200
Speed
Normal
Resources
Standard
Victory
Conquest
Starting age
Dark Age
Ending age
Imperial Age
RankedLock teamsTeams togetherTeam positionsShared explorationLock speedFull tech treeHidden civsTurbo modeCheats
Victory
Defeat
🇭🇰 Italians · Hong Kong SAR China
570
+8
🇧🇷 Varangians · Brazil
535
+9
🇨🇳 Spanish · China
512
+10
🇷🇺 Franks · Russia
494
+11
🇲🇽 Persians · Mexico
431
-11
🇮🇩 Bohemians · Indonesia
384
-10
🇬🇧 Britons · United Kingdom
348
-9
🇬🇧 Spanish · United Kingdom
343
-8
A snickers7606
8:51 Feudal Age
10:32 Wheelbarrow
9:47 Double-Bit Axe
10:10 Horse Collar
20:31 Castle Age
18:26 Gold Mining
19:41 Stone Mining
19:47 Fletching
19:58 Padded Archer Armor
24:43 Hand Cart
27:15 Heavy Plow
27:30 Bow Saw
27:58 Gold Shaft Mining
32:20 Imperial Age
35:38 Two-Man Saw
34:08 Elite Longbowman
34:51 Bodkin Arrow
35:12 Leather Archer Armor
36:55 Yeomen
37:53 Warwolf
42:43 Hoardings
42:19 Bracer
42:50 Ring Archer Armor
Footy_king11
8:53 Feudal Age
9:45 Double-Bit Axe
9:45 Horse Collar
13:42 Loom
16:51 Castle Age
17:02 Scale Barding Armor
16:52 Fletching
18:46 Heavy Plow
22:56 Chain Barding Armor
23:23 Gold Mining
23:31 Stone Mining
26:32 Padded Archer Armor
27:56 Stone Shaft Mining
31:51 Bow Saw
33:02 Town Watch
34:15 Wheelbarrow
37:36 Imperial Age
37:17 Hand Cart
37:58 Elite Conquistador
48:59 Two-Man Saw
55:09 Heavy Mounted Crossbowman
56:05 Thumb Ring
59:40 Elite Skirmisher
63:38 Light Cavalry
jcalderon.n
1:38 Loom
11:59 Feudal Age
15:35 Horse Collar
15:44 Double-Bit Axe
15:57 Stone Mining
16:47 Wheelbarrow
18:55 Castle Age
17:55 Gold Mining
20:35 Heavy Plow
25:11 Gold Shaft Mining
26:27 Hand Cart
28:00 Kamandaran
29:47 Crossbowman
30:32 Thumb Ring
31:02 Padded Archer Armor
30:53 Fletching
33:14 Bow Saw
36:12 Stone Shaft Mining
39:24 Imperial Age
39:09 Leather Archer Armor
38:50 Bodkin Arrow
42:25 Two-Man Saw
48:37 Cavalier
49:18 Husbandry
49:29 Bloodlines
50:08 Scale Barding Armor
50:16 Forging
50:01 Savar
51:10 Chain Barding Armor
54:03 Chain Barding Armor
54:19 Iron Casting
53:58 Citadels
53:21 Elite War Elephant
54:16 Citadels
62:31 Theocracy
62:17 Block Printing
62:18 Fervor
64:04 Plate Barding Armor
64:30 Blast Furnace
64:01 Ring Archer Armor
70:54 Scale Mail Armor
76:26 Ballistics
77:07 Chemistry
75:59 Guard Tower
76:20 Masonry
76:06 Murder Holes
75:36 Man-at-Arms
76:03 Gambesons
76:18 Squires
75:39 Pikeman
76:05 Arson
75:44 Heavy Cavalry Archer
76:49 Parthian Tactics
75:45 Elite Skirmisher
77:03 Hoardings
78:02 Chain Mail Armor
78:27 Elite War Elephant
82:22 Architecture
82:00 Siphons
81:58 Devotion
81:54 Herbal Medicine
82:09 Long Swordsman
83:23 Plate Mail Armor
NIGGA FROM THE HOOD
8:00 Feudal Age
9:20 Double-Bit Axe
10:17 Horse Collar
12:57 Wheelbarrow
18:51 Castle Age
24:17 Imperial Age
25:20 Bow Saw
26:48 Hand Cart
33:40 Heavy Plow
36:25 Man-at-Arms
37:50 Long Swordsman
37:57 Crossbowman
38:50 Arbalester
39:46 Forging
39:26 Fletching
39:37 Padded Archer Armor
39:43 Scale Barding Armor
39:39 Scale Mail Armor
39:55 Fortified Wall
40:47 Chemistry
41:37 Iron Casting
40:57 Bodkin Arrow
42:13 Two-Man Saw
46:25 Guard Tower
46:57 Ballistics
47:00 Bombard Tower
48:11 Town Watch
52:35 Elite Hussite Wagon
56:03 Arrowslits
songshu512
13:39 Feudal Age
14:55 Double-Bit Axe
14:54 Horse Collar
18:22 Wheelbarrow
20:39 Castle Age
19:56 Gold Mining
19:57 Stone Mining
26:39 Bow Saw
29:06 Stone Shaft Mining
35:02 Imperial Age
34:09 Hand Cart
35:41 Caravan
36:21 Town Watch
37:31 Padded Archer Armor
39:31 Leather Archer Armor
41:20 Ring Archer Armor
41:56 Chemistry
42:55 Conscription
42:49 Pirotechnia
54:50 Pikeman
55:31 Squires
55:17 Arson
GuiGuimaraes
1:29 Loom
10:05 Feudal Age
17:13 Double-Bit Axe
17:10 Horse Collar
22:00 Castle Age
24:19 Bloodlines
24:10 Husbandry
24:14 Caravan
27:06 Imperial Age
25:12 Scale Barding Armor
25:18 Forging
26:36 Chain Barding Armor
27:00 Wheelbarrow
29:18 Plate Barding Armor
29:20 Iron Casting
29:10 Conscription
29:36 Capped Ram
31:12 Cavalier
36:42 Vendel Legacy
40:20 Blast Furnace
41:04 Bow Saw
44:35 Hand Cart
44:06 Town Watch
46:28 Heavy Plow
47:30 Two-Man Saw
46:49 Fortified Wall
46:19 Treadmill Crane
55:45 Elite Jarl
55:54 Gothikon
57:39 Siege Engineers
58:35 Chemistry
57:56 Ballistics
60:38 Scale Mail Armor
60:30 Fletching
61:34 Masonry
61:32 Stone Mining
61:33 Gold Mining
66:00 Chain Mail Armor
65:45 Bodkin Arrow
67:42 Elite Varangian Guard
68:08 Arson
68:24 Squires
68:09 Gambesons
68:58 Plate Mail Armor
68:30 Bracer
67:55 Spies/Treason
71:07 Architecture
71:25 Padded Archer Armor
71:30 Town Patrol
72:35 Leather Archer Armor
77:01 Ring Archer Armor
80:25 Crop Rotation
LAI32
8:21 Feudal Age
9:01 Double-Bit Axe
9:01 Horse Collar
15:43 Castle Age
16:49 Bow Saw
16:48 Husbandry
21:13 Heavy Plow
23:37 Gold Mining
24:03 Forging
26:15 Wheelbarrow
27:52 Hand Cart
28:45 Ballistics
31:06 Imperial Age
32:47 Chemistry
32:31 Conscription
31:39 Cavalier
33:03 Caravan
33:38 Elite Conquistador
35:00 Hoardings
35:18 Iron Casting
39:51 Paladin
41:53 Blast Furnace
41:00 Scale Barding Armor
40:57 Scale Mail Armor
40:59 Padded Archer Armor
40:50 Fletching
43:42 Chain Barding Armor
43:52 Chain Barding Armor
47:57 Plate Barding Armor
47:27 Padded Archer Armor
47:18 Fletching
79:46 Leather Archer Armor
79:26 Bodkin Arrow
xLEOx
11:22 Feudal Age
12:32 Double-Bit Axe
16:06 Castle Age
26:43 Imperial Age
24:28 Gold Mining
24:32 Stone Mining
26:08 Bow Saw
28:01 Wheelbarrow
29:01 Conscription
28:02 Elite Throwing Axeman
30:26 Gold Shaft Mining
30:44 Hand Cart
34:37 Husbandry
34:47 Scale Barding Armor
34:53 Forging
34:37 Fletching
34:48 Padded Archer Armor
37:50 Cavalier
39:35 Chain Barding Armor
39:51 Iron Casting
40:06 Paladin
44:16 Blast Furnace
43:12 Bodkin Arrow
43:34 Leather Archer Armor
45:59 Ballistics
46:40 Chemistry
49:03 Fortified Wall
49:05 Masonry
48:36 Treadmill Crane
49:06 Siege Engineers
48:56 Murder Holes
48:52 Guard Tower
48:48 Arrowslits
80:27 Architecture
Connection lost

Rejoining the realm…

Still unreachable

The connection could not be restored.

Session expired

The server has moved on; the page needs a fresh start.